 Dungeon Crawl Stone Soup version 0.27-a0-684-g359e429f13 (webtiles) character file.

Game seed: 8160950793996283912

19482 P0NYSLAYSTATION the Severer (level 12, 0/104 (107) HPs)
             Began as a Hill Orc Fighter on Mar 8, 2021.
             Was a High Priest of Makhleb.
             Slain by Sonja
             ... wielding a +0 short sword of venom
              (1 damage)
             ... on level 1 of the Orcish Mines on Mar 20, 2021.
             The game lasted 01:30:13 (15528 turns).

P0NYSLAYSTATION the Severer (Hill Orc Fighter)     Turns: 15528, Time: 01:30:14

HP:   0/104 (107)   AC: 16    Str: 30    XL:     12   Next: 69%
MP:   12/14         EV: 11    Int:  8    God:    Makhleb [*****.]
Gold: 718           SH:  0    Dex: 10    Spells: 11/16 levels left

rFire    . . .     SeeInvis .   L - +3 battleaxe (freeze)
rCold    . . .     Faith    +   (shield currently unavailable)
rNeg     . . .     Spirit   .   b - +0 scale mail
rPois    .         Reflect  .   J - +0 helmet
rElec    .         Harm     .   i - +0 cloak
rCorr    .         Rampage  .   u - +0 pair of gloves
Will     .....                  G - +2 pair of boots {Stlth+}
Stlth    +.........             x - amulet of faith
HPRegen  0.27/turn              K - ring "Eppicalu" {Wiz Slay+3}
MPRegen  0.14/turn              d - +6 ring of strength

@: lightly drained
A: low mp 1
a: Renounce Religion, Convert to Beogh, Minor Destruction, Lesser Servant of
Makhleb, Major Destruction, Greater Servant of Makhleb


You were on level 1 of the Orcish Mines.
You worshipped Makhleb.
Makhleb was extremely pleased with you.
You visited 4 branches of the dungeon, and saw 15 of its levels.

You collected 718 gold pieces.

Inventory:

Hand Weapons
 L - a +3 battleaxe of freezing (weapon)
 Z - a +4 flail
Missiles
 U - 7 boomerangs of dispersal (quivered)
Armour
 b - a +0 scale mail (worn)
 c - a +0 kite shield
 i - a +0 cloak (worn)
 s - a +0 leather armour of fire resistance
 u - a +0 pair of gloves (worn)
 G - a +2 pair of boots of stealth (worn)
 J - a +0 helmet (worn)
Jewellery
 d - a +6 ring of strength (left hand)
 e - a +6 ring of dexterity
 g - the amulet "Deahaorph" {Spirit rC+ Str+2 Int+3}
   (You found it on level 9 of the Dungeon)

   [amulet of guardian spirit]

   It causes incoming damage to be split between your health and magic.
   It affects your strength (+2).
   It affects your intelligence (+3).
   It protects you from cold.
 k - the ring "Xusmot" {rF+ rC+ Dex+3}
   (You found it on level 9 of the Dungeon)

   [ring of protection from cold]

   It affects your dexterity (+3).
   It protects you from fire.
   It protects you from cold.
 x - an amulet of faith (around neck)
 y - an amulet of magic regeneration
 E - the ring "Jodurotu" {Will+ EV+4 Str+2 Int-3 Dex+4}
   (You took it off an orc wizard on level 9 of the Dungeon)

   [ring of evasion]

   It affects your evasion (+4).
   It affects your strength (+2).
   It affects your intelligence (-3).
   It affects your dexterity (+4).
   It affects your willpower, your defense against some magical effects.
 F - a +4 ring of evasion
 H - a +6 ring of dexterity
 K - the ring "Eppicalu" (right hand) {Wiz Slay+3}
   (You found it on level 9 of the Dungeon)

   [ring of wizardry]

   It improves your spell success rate.
   It affects your accuracy and damage with ranged weapons and melee attacks
   (+3).
 M - a +6 ring of intelligence
 O - a ring of willpower
 R - an amulet of guardian spirit
 S - a ring of flight
 X - a ring of protection from cold
Wands
 a - a wand of iceblast (4)
 p - a wand of charming (18)
 q - a wand of flame (8)
 v - a wand of digging (3)
 V - a wand of polymorph (11)
 W - a wand of paralysis (14)
Scrolls
 j - 4 scrolls of enchant armour
 l - 5 scrolls of amnesia
 n - a scroll of immolation
 o - 6 scrolls of teleportation
 w - 2 scrolls of fog
 z - 3 scrolls of blinking
 B - a scroll of identify
 P - 3 scrolls of summoning
 Y - 4 scrolls of magic mapping
Potions
 f - 6 potions of lignification
 h - 3 potions of curing
 m - 5 potions of flight
 r - 2 potions of brilliance
 t - a potion of mutation
 A - 4 potions of cancellation
 D - a potion of resistance {unknown}
 N - a potion of ambrosia {unknown}
 T - a potion of magic {unknown}


   Skills:
 + Level 10.3 Fighting
 + Level 16.3 Axes
 + Level 0.3 Throwing
 + Level 9.4 Armour
 - Level 4.0 Dodging
 - Level 2.0 Stealth
 - Level 7.0 Shields
 * Level 2.7 Spellcasting
 * Level 4.7 Necromancy
 + Level 5.9 Invocations


You had 11 spell levels left.
You knew the following spells:

 Your Spells              Type           Power      Damage    Failure   Level
a - Animate Skeleton      Necr           16%        N/A       3%          1
b - Animate Dead          Necr           4%         N/A       32%         4

Your spell library contained the following spells:

 Spells                   Type           Power      Damage    Failure   Level
 Pain                     Necr           32%        1d5       3%          1
 Vampiric Draining        Necr           4%         2d6       11%         3
 Corona                   Hex            1%         N/A       24%         1
 Foxfire                  Conj/Fire      4%         2x1d4     24%         1
 Ensorcelled Hibernation  Hex/Ice        2%         N/A       34%         2
 Confusing Touch          Hex            1%         N/A       56%         3
 Conjure Flame            Conj/Fire      1%         6-21      56%         3
 Dazzling Flash           Conj/Hex       2%         N/A       56%         3
 Inner Flame              Hex/Fire       1%         N/A       56%         3
 Tukima's Dance           Hex            1%         N/A       56%         3
 Agony                    Necr           8%         N/A       65%         5
 Sticky Flame             Conj/Fire      1%         2d3       91%         4
 Bolt of Magma            Conj/Fire/Erth 0%         4d4       99%         5
 Fireball                 Conj/Fire      0%         3d3       99%         5
 Iskenderun's Battlesphe  Conj           1%         2d6       99%         5
 Iron Shot                Conj/Erth      0%         9d1       100%        6
 Orb of Destruction       Conj           0%         N/A       100%        7
 Spellforged Servitor     Conj/Summ      0%         N/A       100%        7


Dungeon Overview and Level Annotations

Branches:
Dungeon (11/15)            Temple (1/1) D:4            Lair (2/6) D:8
    Orc (1/2) D:11
  Swamp: Lair:2-4    Shoals: Lair:2-4     Snake: Lair:2-4    Spider: Lair:2-4

Altars:
Ashenzari
Cheibriados
Dithmenos
Elyvilon
Fedhas
Gozag
Hepliaklqana
Kikubaaqudgha
Makhleb
Nemelex Xobeh
Okawaru
Qazlal
Ru
Sif Muna
Trog
Uskayaw
Vehumet
Wu Jian
Xom
Yredelemnul
Zin
The Shining One

Shops:
D:8 *

Annotations:
Lair:1 exclusion: oklob plant
Orc:1 Nergalle, Sonja


Innate Abilities, Weirdness & Mutations

Your magical capacity is low. (-10% MP)


Message History

Your orange demon closely misses something.
Your orange demon misses something.
The ufetubus hits you but does no damage.
The ufetubus closely misses you.
The orc hits your orange demon with a +0 dagger.
Something hits your orange demon!
The orc priest shouts, "Surrender to Beogh and we'll let you live!"
You cut the orc priest into ribbons!!! You freeze the orc priest.
You kill the orc priest!
Makhleb accepts your kill.
You feel better.
You slash the ufetubus! You freeze the ufetubus.
You kill the ufetubus!
You barely miss the spectral orc warlord.
You slash the hellwing! You freeze the hellwing.
You barely miss the orc warrior.
The orc barely misses your orc warrior zombie.
The spectral orc warlord hits you with a +0 battleaxe!
You feel drained.
The orc warrior hits you with a +0 dire flail of holy wrath!
* * * LOW HITPOINT WARNING * * *
Your orc warrior zombie barely misses something.
The hellwing hits you.
* * * LOW HITPOINT WARNING * * *
The hellwing hits you.
* * * LOW HITPOINT WARNING * * *
The ufetubus hits you but does no damage.
The ufetubus barely misses you.
Your orange demon stings the orc priest from afar.
The orc hits your orange demon but does no damage.
Makhleb accepts your kill.
Reactivating autopickup.
You feel a bit more experienced. The ufetubus completely misses you.
The ufetubus hits you but does no damage.
The spectral orc warlord hits you with a +0 battleaxe.
* * * LOW HITPOINT WARNING * * *
The orc priest begins to cast a cantrip, but forgets the words!
The orc warrior hits you with a +0 dire flail of holy wrath!
* * * LOW HITPOINT WARNING * * *
Sonja hits you with a +0 short sword of venom.
You die...

#............
............
..........#
##.).o....#
##.)oo3o)5..
#..4)oo.5o...
#.Zo)o# ...
###4oK#....#
##@5o5....
#.Z#.##..
......#
#......#
##..#.##
#...## ##..
#.#


You could see Nergalle, an orc high priest, a hellwing (summoned), a spectral
orc warlord (summoned), a ynoxinul (summoned), Sonja, 4 orc warriors, an orc
priest, 3 orcs, 2 ufetubi, a friendly orange demon (summoned) and a friendly orc
warrior zombie.

Vanquished Creatures
  Erolcha (D:11)
  A centaur warrior (D:9)
  3 two-headed ogres
  Pikel (D:5)
  Maurice (D:9)
  3 cane toads (Lair:1)
  2 gargoyles (D:9)
  A freezing wraith (D:11)
  2 komodo dragons
  3 trolls
  2 wraiths
  2 wyverns
  3 fire bats (Lair:1)
  A vampire (D:9)
  Eustachio (D:5)
  17 yaks
  A steam dragon (D:8)
  3 wargs (D:8)
  Menkaure (D:5)
  10 orc warriors
  2 black bears
  A necrophage (D:6)
  6 ice beasts
  8 ogres
  7 sky beasts
  3 wolves (D:9)
  7 centaurs
  4 lemures
  4 phantoms
  A gnoll sergeant (D:9)
  14 bullfrogs
  A wyvern skeleton (D:7)
  4 scorpions
  8 wights
  3 electric eels (D:9)
  A howler monkey (D:10)
  2 centaur zombies
  A jelly (D:6)
  5 orc priests
  7 hounds
  2 water moccasin simulacra (D:9)
  A bullfrog skeleton (D:9)
  An iguana (D:8)
  Terence (D:2)
  14 orc wizards
  7 hell rats (Lair:1)
  5 worker ants
  2 hound zombies (D:6)
  A gnoll (D:2)
  20 adders
  A hound simulacrum (D:9)
  4 white imps
  A howler monkey simulacrum (D:9)
  2 ufetubi
  3 oozes
  2 adder skeletons
  3 worms
  3 dart slugs
  5 leopard geckos
  45 orcs
  9 bats
  5 giant cockroaches
  9 goblins
  14 hobgoblins
  22 jackals
  11 kobolds
  4 quokkas
  4 ball pythons
  5 frilled lizards
  A leopard gecko skeleton (D:4)
  A quokka zombie (D:7)
  9 rats
  A spectral orc (D:5)
366 creatures vanquished.

Vanquished Creatures (collateral kills)
  A hydra (Lair:2)
  A yak (D:11)
  3 orc warriors
  5 orc priests
  3 orc wizards
  An ufetubus (D:10)
  An adder simulacrum (D:9)
  8 orcs
23 creatures vanquished.

Vanquished Creatures (others)
  An ufetubus (D:9)
  A fungus (Lair:1)
  17 plants
19 creatures vanquished.

Grand Total: 408 creatures vanquished

Notes
Turn   | Place    | Note
-------+----------+-------------------------------------------
     0 | D:1      | P0NYSLAYSTATION the Hill Orc Fighter began the quest for
                  | the Orb.
     0 | D:1      | Reached XP level 1. HP: 19/19 MP: 1/1
   128 | D:1      | Reached XP level 2. HP: 27/27 MP: 2/2
   532 | D:1      | Reached XP level 3. HP: 31/33 MP: 3/3
   544 | D:1      | Reached skill level 3 in Axes
  1002 | D:2      | Reached XP level 4. HP: 40/40 MP: 4/4
  1123 | D:3      | Reached skill level 4 in Axes
  1211 | D:3      | Found a faded altar of an unknown god.
  1272 | D:3      | Found a bloodstained altar of Trog.
  1299 | D:4      | Found a sacrificial altar of Ru.
  1354 | D:5      | Entered Level 5 of the Dungeon
  1354 | D:5      | Noticed a lemure
  1375 | D:3      | Found an ancient bone altar of Kikubaaqudgha.
  1417 | D:4      | Reached XP level 5. HP: 38/47 MP: 5/5
  1432 | D:4      | Found an iron altar of Okawaru.
  1527 | D:4      | Killed a lemure
  1554 | D:4      | Reached skill level 5 in Axes
  1554 | D:4      | Reached XP level 6. HP: 22/53 MP: 6/6
  1754 | D:5      | Noticed Pikel
  1763 | D:4      | Reached skill level 1 in Dodging
  2079 | D:5      | Killed Pikel
  2080 | D:5      | Reached skill level 5 in Fighting
  2080 | D:5      | Reached skill level 7 in Axes
  2080 | D:5      | Reached skill level 5 in Armour
  2080 | D:5      | Reached skill level 5 in Shields
  2080 | D:5      | Reached XP level 7. HP: 24/61 MP: 7/7
  2350 | D:5      | Noticed Eustachio
  2352 | D:5      | Upgraded the game from 0.27-a0-553-ge0ab5a2769 to
                  | 0.27-a0-594-g2aaa8dbbc2
  2378 | D:5      | Killed Eustachio
  2379 | D:5      | Reached XP level 8. HP: 43/69 MP: 8/8
  2519 | D:5      | Found a hide-covered altar of Uskayaw.
  2519 | D:5      | Found an opulent altar of Gozag.
  2556 | D:5      | Found a radiant altar of Vehumet.
  2561 | D:5      | Reached skill level 8 in Axes
  2744 | D:7      | Found a glowing silver altar of Zin.
  2767 | D:7      | Found a sparkling altar of Nemelex Xobeh.
  2935 | D:7      | Found an ornate altar of the Wu Jian Council.
  3201 | D:7      | Upgraded the game from 0.27-a0-594-g2aaa8dbbc2 to
                  | 0.27-a0-607-g1ad3dbde53
  3244 | D:8      | Noticed a two-headed ogre
  3464 | D:6      | Reached skill level 9 in Axes
  3501 | D:6      | Found a burning altar of Makhleb.
  3506 | D:6      | Upgraded the game from 0.27-a0-607-g1ad3dbde53 to
                  | 0.27-a0-637-g3a9f0a9c12
  3507 | D:6      | Became a worshipper of Makhleb the Destroyer
  3650 | D:6      | Reached XP level 9. HP: 32/75 MP: 9/9
  4465 | D:2      | Noticed Terence
  4471 | D:2      | Killed Terence
  4471 | D:2      | Reached * piety under Makhleb
  5302 | D:4      | Found a staircase to the Ecumenical Temple.
  5344 | Temple   | Entered the Ecumenical Temple
  5643 | D:4      | Reached skill level 10 in Axes
  5677 | D:4      | Found a shimmering altar of Xom.
  5867 | D:5      | Reached ** piety under Makhleb
  5962 | D:5      | Found a basalt altar of Yredelemnul.
  6103 | D:5      | Noticed Menkaure
  6115 | D:5      | Killed Menkaure
  6240 | D:5      | Found a stormy altar of Qazlal.
  6951 | D:7      | Reached skill level 11 in Axes
  6951 | D:7      | Reached skill level 1 in Stealth
  7561 | D:8      | Found Keych's Assorted Antiques.
  7730 | D:8      | Killed a two-headed ogre
  7731 | D:8      | Reached skill level 12 in Axes
  7731 | D:8      | Reached XP level 10. HP: 72/88 MP: 10/10
  7852 | D:8      | Reached *** piety under Makhleb
  8188 | D:8      | Found a staircase to the Lair.
  8330 | D:9      | Noticed Maurice
  8373 | D:9      | Reached skill level 1 in Invocations
  8417 | D:10     | Entered Level 10 of the Dungeon
  8449 | D:10     | Learned a level 1 spell: Animate Skeleton
  8509 | D:10     | Reached skill level 13 in Axes
  9452 | D:11     | Noticed a death knight
  9452 | D:11     | Noticed a skeletal warrior
  9461 | D:10     | HP: 2/89 [death knight/+0 morningstar (16)]
 10000 | D:9      | Killed Maurice
 10001 | D:9      | Reached XP level 11. HP: 86/95 MP: 12/14
 10147 | D:9      | Gained mutation: Your magical capacity is low. (-10% MP)
                  | [mutagenic glow]
 10356 | D:9      | Reached **** piety under Makhleb
 10492 | D:9      | Reached skill level 1 in Necromancy
 10494 | D:9      | Reached skill level 14 in Axes
 10528 | D:9      | Reached skill level 1 in Spellcasting
 11243 | D:9      | Identified the ring "Jodurotu" {Will+ EV+4 Str+2 Int-3
                  | Dex+4}
 11397 | D:9      | Identified the amulet "Deahaorph" {Spirit rC+ Str+2 Int+3}
 11397 | D:9      | Noticed a centaur warrior
 11400 | D:9      | Killed a centaur warrior
 11456 | D:9      | Identified the ring "Xusmot" {rF+ rC+ Dex+3}
 11459 | D:9      | Identified the ring "Eppicalu" {Wiz Slay+3}
 11649 | D:11     | Noticed a two-headed ogre
 11654 | D:11     | Killed a two-headed ogre
 11773 | D:11     | Reached ***** piety under Makhleb
 11779 | D:11     | Reached skill level 15 in Axes
 11799 | D:11     | Upgraded the game from 0.27-a0-637-g3a9f0a9c12 to
                  | 0.27-a0-676-gc1da3516c2
 11821 | D:11     | Reached skill level 5 in Invocations
 12102 | D:11     | Found a staircase to the Orcish Mines.
 12144 | D:11     | Noticed a two-headed ogre
 12150 | D:11     | Killed a two-headed ogre
 12151 | D:11     | Reached XP level 12. HP: 105/105 MP: 14/14
 12282 | D:11     | Noticed Erolcha
 12299 | D:11     | Killed Erolcha
 13196 | Lair:1   | Entered Level 1 of the Lair of Beasts
 13322 | Lair:1   | Upgraded the game from 0.27-a0-676-gc1da3516c2 to
                  | 0.27-a0-679-g77a6b55cf3
 13342 | Lair:1   | Reached skill level 10 in Fighting
 13459 | Lair:1   | Learned a level 4 spell: Animate Dead
 13606 | Lair:1   | Reached skill level 16 in Axes
 14545 | Lair:2   | Noticed a seven-headed hydra
 14804 | Lair:2   | Noticed a five-headed hydra
 14815 | Lair:2   | Killed a five-headed hydra
 14950 | D:10     | Noticed an Executioner
 15486 | Orc:1    | Entered Level 1 of the Orcish Mines
 15487 | Orc:1    | Upgraded the game from 0.27-a0-679-g77a6b55cf3 to
                  | 0.27-a0-684-g359e429f13
 15499 | Orc:1    | Noticed Sonja
 15509 | Orc:1    | Noticed an orc high priest
 15517 | Orc:1    | Noticed Nergalle
 15528 | Orc:1    | HP: 1/104 [orc warrior/+0 dire flail of holy wrath[an orc
                  | high priest] (13)]
 15528 | Orc:1    | Slain by Sonja

Illustrated notes

Levels and vault maps discovered:
D:1:      giann_forest_graveyard, layout_loops_corners
D:2:      minmay_diamond_boxcup, layout_rooms, minmay_surrounded, uniq_terence
D:3:      corexii_shack_village, layout_rooms, lemuel_coloured_pillars_altar,
          nicolae_overflow_hidden_temple, chequers_ecumenical_altar_island,
          minmay_close_crescents
D:4:      layout_rooms, lemuel_crystal_altar, lemuel_crystal_altar,
          minmay_temple_entry_glassed_door, xom_teletrap_fun
D:5:      layout_rooms, vehumet_altar_wand_db,
          yredelemnul_forgotten_temple_becter, lemuel_doored_altar,
          gammafunk_temple_overflow_wave, uniq_eustachio, uniq_pikel,
          uniq_menkaure
D:6:      layout_loops_ring, lightli_temple_of_fire
D:7:      layout_gridville, nicolae_overflow_crystal_walls,
          nicolae_wu_jian_immortal_techniques, basic_altar, st_stairs_10
D:8:      layout_loops_ring, erik_lair_orcish_takeover, serial_shops,
          nicolae_shop_stone
D:9:      minmay_the_grid_triangle_9x9_rhombus_full
          [minmay_the_grid_triangle_9x9_checkered,
          minmay_the_grid_triangle_9x9_limited_checkers,
          minmay_the_grid_triangle_9x9_from_above,
          minmay_the_grid_triangle_9x9_sprig,
          minmay_the_grid_triangle_9x9_warning,
          minmay_the_grid_triangle_9x9_wacky_v,
          minmay_the_grid_triangle_9x9_flanged_cone,
          minmay_the_grid_triangle_9x9_prize_special], layout_rooms, serial_ice,
          serial_ice_n, serial_ice_o, serial_ice_j, serial_ice_a, serial_ice_b,
          serial_ice_m, serial_ice_d, serial_ice_h, serial_ice_f, serial_ice_g,
          minmay_circle_x, uniq_maurice
D:10:     layout_basic
D:11:     layout_roguey, david_orc_4, grunt_decor_resistance, uniq_erolcha
Temple:   jpeg_temple_alley_garden
Lair:1:   dpeg_oklob_gauntlet, layout_layer_cave, nicolae_volcano_entry_batcave,
          grunt_megastairs_4, lemuel_fruit_tree
Lair:2:   layout_regular_city, st_stairs_4, grunt_megastairs_1
Orc:1:    layout_caves, okawaru_metal_pillars_3, uniq_sonja, uniq_nergalle

Skill      XL: |  1  2  3  4  5  6  7  8  9 10 11 12 |
---------------+-------------------------------------+-----
Shields        | 4 5 6 7 |  7.0
Fighting       | 4 5 6 7 8 9 10 | 10.3
Axes           | 3 4 5 7 9 12 13 15 16 | 16.3
Armour         | 4 5 6 7 8 9 |  9.4
Dodging        | 1 2 3 4 |  4.0
Stealth        | 1 2 |  2.0
Invocations    | 4 5 |  5.9
Necromancy     | 4 |  4.7
Spellcasting   | 2 |  2.7
Throwing       | |  0.3

Action                   |  1- 3 |  4- 6 |  7- 9 | 10-12 || total
-------------------------+-------+-------+-------+-------++-------
Melee: War axe           |   112 |   173 |   346 |       ||   631
       Battleaxe         |       |       |    46 |   438 ||   484
Throw: Dart              |       |     2 |       |     1 ||     3
 Cast: Animate Skeleton  |       |       |       |    38 ||    38
       Animate Dead      |       |       |       |     2 ||     2
Invok: Minor Destruction |       |       |       |    23 ||    23
       Lesser Servant of |       |       |       |     9 ||     9
       Greater Servant o |       |       |       |     1 ||     1
Evoke: Wand              |       |       |     1 |       ||     1
  Use: Scroll            |       |     7 |     6 |     9 ||    22
       Potion            |       |     1 |     1 |     3 ||     5
 Stab: Sleeping          |       |       |     2 |     7 ||     9
Armor: Scale mail        |    65 |    81 |   189 |   172 ||   507
Dodge: Dodged            |    33 |    74 |   167 |   277 ||   551
Block: Kite shield       |    72 |   111 |   215 |       ||   398

Table legend: (Time is in decaauts)
 A = Elapsed time spent in this place.
 B = Non-inter-level travel time spent in this place.
 C = Inter-level travel time spent in this place.
 D = Time resting spent in this place.
 E = Time spent auto-exploring this place.
 F = Levels seen in this place.
 G = Mean time per level.
                   A        B        C        D        E       F      G
               +--------+--------+--------+--------+--------+-----+--------+
         Total |  15804 |  14699 |   1105 |   1853 |   8956 |  15 | 1053.6 |
       Dungeon |  13860 |  12844 |   1016 |   1667 |   7595 |  11 | 1260.0 |
        Temple |    261 |    224 |     37 |      0 |    224 |   1 |  261.0 |
          Lair |   1644 |   1593 |     51 |    186 |   1137 |   2 |  822.0 |
  Orcish Mines |     38 |     38 |      0 |      0 |      0 |   1 |   38.0 |
               +--------+--------+--------+--------+--------+-----+--------+

Top non-repeatable levels by time:
    D:11: 1919 daAuts
     D:9: 1814 daAuts
    D:10: 1684 daAuts
  Lair:1: 1557 daAuts
     D:1: 1292 daAuts
     D:7: 1197 daAuts
     D:4: 1106 daAuts
     D:5: 1102 daAuts
     D:8: 1022 daAuts
     D:6: 938 daAuts
     D:2: 926 daAuts
     D:3: 856 daAuts
  Temple: 261 daAuts
  Lair:2: 86 daAuts
   Orc:1: 38 daAuts
